Map: Terraformation EC (Void)

Players

Rinzler

  • Race: Protoss Protoss
  • League: Silver

AgCl - Winner!

  • Race: Protoss Protoss
  • League: Silver

VOD

Have the link to the VOD?

Description

Time

  • Played on: July 14, 2015, 5:42 a.m.
  • Length: 6:05
Show
View Real Time Build Order
Export as new Build Order

Rinzler Protoss 

Build Orders:  

Get SALT Encoding   

  12  0:00  Probe  
  13  0:12  Probe  
  14  0:26  Pylon  
  14  0:44  Probe  
  14  0:46  Gateway  
  14  0:48  Assimilator  
  15  0:56  Probe  
  16  1:08  Probe  
  17  1:20  Probe  
  18  1:26  Assimilator  
  18  1:32  Probe (Chrono Boost)  
  19  1:37  Cybernetics Core  
  19  1:38  Pylon  
  19  1:44  Probe (Chrono Boost)  
  20  1:53  Probe (Chrono Boost)  
  21  2:01  Probe  
  22  2:15  Robotics Facility  
  22  2:16  Mothership Core (Chrono Boost)  
  22  2:18  Zealot  
  22  2:21  Warp Gate  
  26  2:30  Probe (Chrono Boost), Pylon  
  27  2:42  Probe  
  28  2:54  Probe  
  29  3:05  Robotics Bay  
  29  3:06  Probe  
  29  3:07  Warp Prism (Chrono Boost)  
  32  3:17  Gateway  
  32  3:18  Probe  
  33  3:26  Zealot  
  36  3:36  Probe  
  36  3:48  Probe  
  37  3:57  Pylon  
  37  4:07  Nexus  
  37  4:15  Zealot x2  
  45  4:22  Disruptor (Chrono Boost)  
  45  4:23  Pylon  
  45  4:28  Pylon  
  41  4:55  Probe  
  41  4:59  Disruptor (Chrono Boost)  
  42  5:04  Forge  
  42  5:10  Probe  
  43  5:22  Probe  
  44  5:36  Probe  
  44  5:38  Observer (Chrono Boost)  
  46  5:45  Probe  
  46  5:48  Probe  
Show
View Real Time Build Order
Export as new Build Order

AgCl Protoss - Winner!

Build Orders: 1 Gate Expand, Oracle Opening 

Get SALT Encoding   

  12  0:17  Pylon  
  12  0:22  Probe  
  13  0:34  Probe  
  14  0:45  Gateway  
  14  0:46  Probe  
  15  0:50  Assimilator  
  15  0:59  Probe  
  17  1:16  Pylon  
  16  1:28  Nexus  
  16  1:34  Zealot (Chrono Boost)  
  16  1:38  Probe  
  19  1:54  Cybernetics Core  
  19  1:55  Probe (Chrono Boost)  
  20  2:06  Probe (Chrono Boost)  
  21  2:12  Probe (Chrono Boost)  
  22  2:19  Pylon  
  22  2:24  Probe  
  22  2:28  Pylon  
  23  2:32  Stargate  
  23  2:36  Probe, Assimilator  
  24  2:40  Probe (Chrono Boost)  
  25  2:50  Probe (Chrono Boost)  
  24  2:52  Probe (Chrono Boost)  
  26  3:00  Probe (Chrono Boost), Warp Gate (Chrono Boost)  
  26  3:03  Probe (Chrono Boost)  
  27  3:07  Probe (Chrono Boost)  
  27  3:10  Probe (Chrono Boost)  
  29  3:16  Oracle  
  29  3:18  Probe (Chrono Boost)  
  34  3:21  Probe (Chrono Boost)  
  34  3:26  Probe (Chrono Boost)  
  35  3:29  Gateway  
  35  3:30  Probe  
  35  3:31  Assimilator  
  36  3:36  Mothership Core  
  38  3:42  Probe  
  39  3:52  Gateway  
  39  3:54  Probe  
  40  3:56  Gateway  
  40  3:58  Pylon  
  41  4:03  Probe (Chrono Boost)  
  41  4:06  Probe (Chrono Boost)  
  41  4:08  Assimilator  
  42  4:12  Robotics Facility  
  42  4:15  Pylon  
  44  4:17  Probe x2 (Chrono Boost)  
  44  4:24  Probe  
  44  4:25  Probe  
  44  4:30  Phoenix (Chrono Boost)  
  48  4:37  Probe (Chrono Boost)  
  50  4:40  Probe (Chrono Boost)  
  50  4:49  Probe (Chrono Boost)  
  50  4:52  Probe (Chrono Boost)  
  52  4:55  Probe (Chrono Boost)  
  52  4:59  Fleet Beacon  
  53  5:01  Probe  
  53  5:04  Observer (Chrono Boost)  
  53  5:05  Twilight Council  
  53  5:07  Probe, Pylon  
  56  5:13  Probe  
  57  5:19  Probe  
  58  5:25  Probe, Immortal (Chrono Boost)  
  63  5:30  Adept  
  63  5:31  Probe  
  66  5:37  Probe  
  67  5:43  Probe  
  67  5:49  Probe  
  73  5:50  Pylon  
  73  5:52  Pylon  
  74  6:00  Stalker  
Tags
 
Add a new tag
Caveats
  • Supply blocks, unpowered buildings, or Contaminate may cause inaccurate times.
  • Supply counts are checked every 10 seconds.